 Dungeon Crawl Stone Soup version 0.18.1-6-gd335043 (webtiles) character file.

11610 NoLuckNoSkill the Basher (level 11, 0/87 HPs)
             Began as a Mummy Chaos Knight on May 17, 2016.
             Slain by a komodo dragon (24 damage)
             ... on level 1 of the Lair of Beasts.
             The game lasted 00:30:36 (12404 turns).

NoLuckNoSkill the Basher (Mummy Chaos Knight)      Turns: 12404, Time: 00:30:37

Health: 0/87       AC: 17    Str: 18    XL:     11   Next: 51%
Magic:  21/21      EV: 13    Int: 12    God:    Xom [.....*]
Gold:   624        SH:  0    Dex: 17    Spells: 2 memorised, 20 levels left

rFire  x . .     SeeInvis .     a - +1 mace (chaos)
rCold  + + .     Gourm    .     g - +4 scale mail {rC+}
rNeg   + + +     Faith    .     (no shield)
rPois  ∞         Spirit   .     e - +0 helmet
rElec  .         Dismiss  .     i - +1 cloak
rCorr  .         Reflect  .     u - +0 pair of gloves
SustAt .         Harm     .     C - +0 pair of boots
MR     ++...                    (no amulet)
Stlth  ..........               l - ring of protection from magic
                                G - +5 ring of dexterity

@: very resistant to hostile enchantments, extremely unstealthy
A: no food or potions, fire vulnerability, cold resistance 1, negative energy
resistance 3, torment resistance, unbreathing
a: Renounce Religion


You were on level 1 of the Lair of Beasts.
You worshipped Xom.
You were Xom's teddy bear.
You were not hungry.

You visited 3 branches of the dungeon, and saw 12 of its levels.

You collected 624 gold pieces.

Inventory:

Hand Weapons
 a - a +1 mace of chaos (weapon)
Armour
 b - a +0 buckler
 e - a +0 helmet (worn)
 g - a +4 scale mail of cold resistance (worn)
 i - a +1 cloak (worn)
 u - a +0 pair of gloves (worn)
 z - a +0 shield
 C - a +0 pair of boots (worn)
Magical Staves
 c - an uncursed staff of cold
Jewellery
 l - a ring of protection from magic (right hand)
 F - an uncursed ring of ice
 G - a +5 ring of dexterity (left hand)
Wands
 o - a wand of teleportation (4/9)
 r - a wand of disintegration (4/24)
Scrolls
 d - 5 scrolls of identify
 f - a scroll of noise
 h - a scroll of immolation
 p - 4 scrolls of enchant armour
 x - a scroll of magic mapping
 E - a scroll of remove curse
Books
 m - a book of Spatial Translocations

   Spells                             Type                      Level
   a - Apportation                    Translocation                1
   b - Blink                          Translocation                2
   c - Shroud of Golubria             Charms/Translocation         2
   d - Portal Projectile              Translocation                3
   e - Teleport Other                 Translocation                3
   f - Passage of Golubria            Translocation                4
 s - a book of Clouds

   Spells                             Type                      Level
   a - Mephitic Cloud                 Conjuration/Poison/Air       3
   b - Conjure Flame                  Conjuration/Fire             3
   c - Poisonous Cloud                Conjuration/Poison/Air       6
   d - Freezing Cloud                 Conjuration/Ice/Air          6
   e - Ring of Flames                 Charms/Fire                  7
Miscellaneous
 t - a plain deck of changes


   Skills:
 + Level 8.4 Fighting
 * Level 9.9 Maces & Flails
 + Level 6.5 Armour
 + Level 6.0 Dodging
 + Level 2.2 Shields
 + Level 6.7 Spellcasting
 + Level 3.0 Translocations


You had 20 spell levels left.
You knew the following spells:

 Your Spells              Type           Power        Failure   Level  Hunger
a - Apportation           Tloc           ##........   14%         1    N/A
b - Shroud of Golubria    Chrm/Tloc      #.........   38%         2    N/A

Dungeon Overview and Level Annotations

Branches:
Dungeon (10/15)            Temple (1/1) D:5            Lair (1/8) D:9
    Orc: D:9-12

Altars:
Ashenzari
Cheibriados
Dithmenos
Elyvilon
Fedhas
Gozag
Kikubaaqudgha
Makhleb
Nemelex Xobeh
Okawaru
Pakellas
Qazlal
Ru
Sif Muna
Trog
Vehumet
Xom
Yredelemnul
Zin
The Shining One

Shops:
D:4 :


Innate Abilities, Weirdness & Mutations

You do not eat or drink.
Your flesh is vulnerable to fire.
You are immune to poison.
Your flesh is cold resistant.
You are immune to negative energy.
You are immune to unholy pain and torment.
You can survive without breathing.


Message History

You closely miss the komodo dragon.
The komodo dragon is moderately wounded.
The komodo dragon bites you!!
Your scale mail prevents you from hitting the komodo dragon.
The komodo dragon is moderately wounded.
The komodo dragon barely misses you.
You sock the komodo dragon!
Space bends around the komodo dragon.
The komodo dragon is heavily wounded.
The komodo dragon bites you. x2
* * * LOW HITPOINT WARNING * * *
Wield which item (- for none, * to show all)? (? for menu, Esc to quit)
Okay, then.
You hit the komodo dragon but do no damage.
The komodo dragon is heavily wounded.
The komodo dragon misses you.
You hit the komodo dragon.
The komodo dragon is heavily wounded.
The komodo dragon bites you!!
You die...
Xom cackles wildly!

....P......#
#..####.
..P.....#..# #......
≈..≈P......##
#......
≈_≈≈.P.....P####...#
..≈≈≈P............##
≈..≈≈≈≈............#
≈≈≈≈≈≈≈....####...##
.≈≈≈≈≈≈.#...# ##..#
..≈≈≈≈..P..## #.@.#
.≈≈≈P......# ##l..#
..≈........# #..##
##..##... #..# #...
....# P.... ......


You could see a komodo dragon.

Vanquished Creatures
  Fannar (Lair:1)
  Maurice (D:8)
  Psyche (D:9)
  2 spiny frogs (Lair:1)
  A rime drake (D:9)
  2 two-headed ogres (D:8)
  A wyvern (D:9)
  A wraith (D:8)
  7 yaks (D:9)
  A hog (D:9)
  4 basilisks (D:9)
  A hippogriff (D:8)
  A hungry ghost (D:9)
  A sky beast (D:7)
  2 ice beasts
  A porcupine (D:9)
  2 orc warriors
  2 slaves (D:7)
  3 black bears
  A wasp (D:9)
  2 phantoms
  An eye of draining (D:4)
  5 ogres
  2 necrophages
  A wolf (D:6)
  4 crocodiles
  The ghost of daning the Charmwright, an amateur HESk (D:4)
  2 big kobolds
  3 giant frogs
  A wyvern skeleton (D:9)
  2 scorpions
  6 killer bees
  2 wights (D:8)
  A howler monkey (D:7)
  4 crimson imps
  A quasit (D:9)
  A centaur zombie (D:6)
  A hound (D:6)
  Crazy Yiuf (D:4)
  A jelly (D:10)
  2 gnoll shamans
  4 human zombies (D:8)
  8 orc priests
  8 orc wizards
  Ijyb (D:3)
  A centaur skeleton (D:5)
  5 iguanas
  A human skeleton (D:8)
  Natasha (thrice) (D:3)
  4 worker ants
  A killer bee zombie (D:8)
  2 hound zombies
  A hound skeleton (D:4)
  A mummy (D:8)
  A worker ant zombie (D:5)
  A howler monkey zombie (D:5)
  16 gnolls
  3 river rats (D:9)
  11 adders
  4 shadow imps
  An ooze (D:2)
  An adder zombie (D:8)
  4 worms
  4 dart slugs
  6 giant geckos
  37 orcs
  8 bats
  5 giant cockroaches
  6 goblins
  11 hobgoblins
  13 jackals
  5 quokkas
  A giant gecko skeleton (D:8)
  6 giant newts
  A jackal skeleton (D:9)
  A jackal zombie (D:9)
  13 kobolds
  A quokka zombie (D:9)
  6 rats
286 creatures vanquished.

Vanquished Creatures (collateral kills)
  Pikel (D:7)
  Prince Ribbit (D:5)
  Grinder (D:5)
  Eustachio (D:5)
  An orc warrior (D:7)
  A slave (D:7)
  A necrophage (D:8)
  A sky beast (D:8)
  A crimson imp (D:8)
  2 orc priests (D:8)
  An orc wizard (D:8)
  An adder (D:7)
  An orc (D:7)
  A kobold (D:8)
15 creatures vanquished.

Vanquished Creatures (others)
  An orc wizard (D:8)
  An orc priest (D:8)
  A mummy (D:8)
  A gnoll (D:5)
  An orc (D:7)
  A goblin (D:3)
  2 bushes (D:9)
  11 plants (D:9)
19 creatures vanquished.

Grand Total: 320 creatures vanquished

Notes
Turn   | Place    | Note
--------------------------------------------------------------
     0 | D:1      | NoLuckNoSkill the Mummy Chaos Knight began the quest for the Orb.
     0 | D:1      | Reached XP level 1. HP: 18/18 MP: 1/1
     2 | D:1      | XOM: divination: detect creatures
    27 | D:1      | XOM: potion effect (haste)
   126 | D:1      | Reached XP level 2. HP: 23/24 MP: 2/2
   460 | D:1      | Reached skill level 3 in Maces & Flails
   603 | D:1      | Reached XP level 3. HP: 18/29 MP: 3/3
   870 | D:2      | XOM: harmless Air miscast
   962 | D:2      | Reached XP level 4. HP: 26/37 MP: 4/4
  1007 | D:2      | Found a faded altar to an unknown god.
  1061 | D:2      | XOM: chaos upgrade
  1062 | D:2      | XOM: smoke on damage
  1123 | D:2      | XOM: harmless Conj miscast
  1137 | D:2      | XOM: summons 3 hostile shadow creatures
  1328 | D:3      | Noticed Ijyb
  1339 | D:3      | Killed Ijyb
  1339 | D:3      | Reached skill level 4 in Maces & Flails
  1501 | D:3      | XOM: noise
  1632 | D:3      | Reached XP level 5. HP: 42/42 MP: 5/5
  1656 | D:3      | Noticed Natasha
  1657 | D:3      | XOM: 8-stop teleportation journey
  1709 | D:3      | XOM: mild Air miscast
  1813 | D:3      | Killed Natasha
  1813 | D:3      | Reached skill level 1 in Dodging
  1908 | D:3      | Noticed Natasha
  1910 | D:3      | Killed Natasha
  1910 | D:3      | Reached skill level 1 in Spellcasting
  1942 | D:3      | Noticed Natasha
  1958 | D:3      | Killed Natasha
  1989 | D:4      | Noticed an eye of draining
  1992 | D:4      | Killed an eye of draining
  1992 | D:4      | Reached XP level 6. HP: 38/49 MP: 6/8
  2120 | D:4      | Found a burning altar of Makhleb.
  2120 | D:4      | Found an ancient bone altar of Kikubaaqudgha.
  2210 | D:4      | XOM: chaos upgrade
  2262 | D:3      | XOM: divination: detect creatures
  2361 | D:3      | XOM: divination: detect items
  2557 | D:4      | Noticed daning's ghost (amateur HESk)
  2570 | D:4      | XOM: harmless Hex miscast
  2576 | D:4      | XOM: cast spell 'Summon Small Mammal'
  2582 | D:4      | XOM: divination: detect items
  2723 | D:3      | XOM: harmless Hex miscast
  2730 | D:3      | XOM: harmless Fire miscast
  2888 | D:4      | XOM: potion effect (brilliance)
  2895 | D:4      | Killed daning's ghost
  2895 | D:4      | Reached XP level 7. HP: 35/55 MP: 9/9
  2905 | D:4      | Reached skill level 5 in Maces & Flails
  2944 | D:4      | XOM: mild Fire miscast
  3024 | D:4      | Noticed Crazy Yiuf
  3032 | D:4      | Killed Crazy Yiuf
  3142 | D:4      | XOM: god gift: 27 gold pieces
  3194 | D:4      | XOM: divination: magic mapping
  3201 | D:4      | Found Xotouf's Book Boutique.
  3319 | D:5      | Entered Level 5 of the Dungeon
  3331 | D:5      | Noticed Eustachio
  3336 | D:5      | XOM: silly message
  3436 | D:4      | Reached skill level 5 in Fighting
  3472 | D:4      | XOM: harmless Ice miscast
  3515 | D:4      | XOM: harmless Tloc miscast
  3954 | D:5      | XOM: potion effect (experience)
  3954 | D:5      | Reached skill level 8 in Maces & Flails
  3954 | D:5      | Reached skill level 5 in Armour
  3954 | D:5      | Reached skill level 5 in Spellcasting
  3954 | D:5      | Reached XP level 8. HP: 56/67 MP: 11/15
  3969 | D:5      | Reached XP level 9. HP: 55/72 MP: 13/16
  4015 | D:5      | Noticed Prince Ribbit
  4017 | D:5      | XOM: summons 3 friendly demons
  4019 | D:5      | XOM: god gift: shiny fluorescent wand {god gift}
  4034 | D:5      | Killed Prince Ribbit
  4053 | D:5      | XOM: 3-stop teleportation journey
  4114 | D:5      | XOM: scenery: create altars
  4321 | D:5      | XOM: smoke on damage
  4325 | D:5      | XOM: 8-stop teleportation journey
  4331 | D:5      | Noticed Grinder
  4337 | D:5      | Paralysed by Grinder for 5 turns
  4359 | D:5      | Killed Eustachio
  4360 | D:5      | Killed Grinder
  4363 | D:5      | Found a staircase to the Ecumenical Temple.
  4377 | D:5      | XOM: colour smoke trail
  4382 | Temple   | Entered the Ecumenical Temple
  4567 | D:5      | Found a sparkling altar of Nemelex Xobeh.
  4602 | D:5      | Reached skill level 5 in Dodging
  4817 | D:5      | XOM: destruction
  4998 | D:5      | XOM: mild Ice miscast
  5257 | D:6      | XOM: polymorph orc warrior -> wolf
  5585 | D:6      | Found a shattered altar of Ashenzari.
  5597 | D:6      | XOM: potion effect (might)
  5774 | D:6      | XOM: divination: magic mapping
  5878 | D:6      | XOM: medium Trmt miscast
  5987 | D:6      | XOM: harmless Trmt miscast
  6028 | D:6      | XOM: medium Air miscast
  6573 | D:7      | Found a bloodstained altar of Trog.
  6651 | D:7      | XOM: divination: magic mapping
  6686 | D:7      | Noticed Pikel
  6687 | D:7      | XOM: 1-stop teleportation journey
  6728 | D:7      | XOM: 3-stop teleportation journey
  6856 | D:6      | HP: 3/72 [orc warrior/battleaxe (15)]
  6863 | D:6      | XOM: summons 8 friendly demons
  6940 | D:6      | XOM: summons 4 hostile shadow creatures
  6963 | D:6      | XOM: fog
  7068 | D:6      | Reached XP level 10. HP: 43/79 MP: 18/18
  7287 | D:7      | HP: 2/79 [something (4)]
  7299 | D:7      | HP: 1/79 [orc/flail (4)]
  7746 | D:7      | XOM: god gift: runed glaive {god gift}
  7782 | D:7      | XOM: god gift: scroll labeled LUP DEOHIZXAV
  7791 | D:7      | Learned a level 1 spell: Apportation
  7794 | D:7      | Learned a level 2 spell: Shroud of Golubria
  8004 | D:7      | XOM: summons friendly shadow imp
  8007 | D:7      | XOM: summons friendly hellwing
  8033 | D:7      | Killed Pikel
  8075 | D:7      | Found a shimmering altar of Xom.
  8350 | D:8      | XOM: scenery: create altars
  8357 | D:8      | XOM: summons 4 friendly demons
  8562 | D:8      | Reached skill level 1 in Translocations
  8768 | D:8      | Reached skill level 9 in Maces & Flails
  8930 | D:8      | XOM: god gift: 15 stones
  8932 | D:8      | XOM: summons friendly shadow imp
  9206 | D:8      | Found a basalt altar of Yredelemnul.
  9348 | D:8      | Noticed Maurice
  9349 | D:8      | XOM: divination: detect creatures
  9369 | D:8      | Killed Maurice
  9473 | D:8      | XOM: vitrification
  9589 | D:8      | XOM: enchant monster (good)
  9881 | D:8      | XOM: scenery: create altars
 10040 | D:8      | XOM: scenery: create altars
 10118 | D:8      | XOM: scenery: create altars
 10181 | D:8      | XOM: confusion
 10569 | D:9      | XOM: enchant monster (bad)
 10588 | D:9      | XOM: 4-stop teleportation journey
 10744 | D:9      | Found a staircase to the Lair.
 10751 | D:9      | XOM: repel stairs
 10799 | D:9      | XOM: medium Air miscast
 10802 | D:9      | XOM: 1-stop teleportation journey
 10804 | D:9      | XOM: silly message
 10850 | D:9      | Found an iron altar of Okawaru.
 10850 | D:9      | Found a deep blue altar of Sif Muna.
 10851 | D:9      | Found a white marble altar of Elyvilon.
 10855 | D:9      | Found a blossoming altar of Fedhas.
 10860 | D:9      | Found a radiant altar of Vehumet.
 10981 | D:9      | Found an opulent altar of Gozag.
 11001 | D:9      | XOM: stat loss: -1 Dex (14/15)
 11042 | D:9      | XOM: polymorph yak -> rime drake
 11054 | D:9      | XOM: polymorph ice beast -> hog
 11142 | D:9      | XOM: potion effect (brilliance)
 11150 | D:9      | Reached XP level 11. HP: 42/86 MP: 20/20
 11262 | D:9      | XOM: confuse monster(s)
 11359 | D:9      | XOM: 2-stop teleportation journey
 11372 | D:9      | XOM: 2-stop teleportation journey
 11381 | D:9      | XOM: summons 5 friendly demons
 11399 | D:9      | XOM: cast spell 'Ring of Flames'
 11431 | D:9      | XOM: scenery: create altars
 11612 | D:9      | Got a twisted scale mail
 11613 | D:9      | Identified the +6 scale mail "Leoph" {*Corrode rPois rC+ rN+} (You took it off an orc on level 9 of the Dungeon)
 11662 | D:9      | Noticed Psyche
 11731 | D:9      | XOM: polymorph porcupine -> wasp
 11732 | D:9      | XOM: harmless Hex miscast
 11735 | D:9      | XOM: potion effect (might)
 11743 | D:9      | XOM: potion effect (haste)
 11744 | D:9      | Killed Psyche
 11744 | D:9      | Reached skill level 1 in Shields
 11774 | D:9      | XOM: potion effect (might)
 11988 | D:10     | Entered Level 10 of the Dungeon
 12072 | Lair:1   | Entered Level 1 of the Lair of Beasts
 12221 | Lair:1   | Noticed Fannar
 12231 | Lair:1   | XOM: potion effect (might)
 12244 | Lair:1   | XOM: potion effect (heal wounds)
 12249 | Lair:1   | XOM: potion effect (curing)
 12252 | Lair:1   | XOM: harmless Tloc miscast
 12253 | Lair:1   | Killed Fannar
 12374 | Lair:1   | XOM: scenery: create altars
 12404 | Lair:1   | Slain by a komodo dragon

Skill      XL: |  1  2  3  4  5  6  7  8  9 10 11 |
---------------+----------------------------------+-----
Maces & Flails | 3 4 8 9 |  9.9
Fighting       | 4 7 8 |  8.4
Dodging        | 1 4 5 6 |  6.0
Spellcasting   | 1 5 6 |  6.7
Armour         | 2 5 6 |  6.5
Translocations | 2 3 |  3.0
Shields        | 2 |  2.2

Action                   |  1- 3 |  4- 6 |  7- 9 | 10-12 || total
-------------------------+-------+-------+-------+-------++-------
Melee: Mace              |   111 |   226 |   527 |   727 ||  1591
Evoke: Wand              |       |       |     9 |     6 ||    15
  Use: Scroll            |       |     1 |     6 |    11 ||    18
 Stab: Paralysed         |       |     4 |    10 |     9 ||    23
       Invisible         |       |     2 |       |       ||     2
       Petrified         |       |     1 |     1 |     1 ||     3
       Confused          |       |       |       |     4 ||     4
Armor: Leather armour    |    45 |    48 |       |       ||    93
       Scale mail        |       |    78 |   231 |   346 ||   655
Dodge: Dodged            |    73 |   167 |   241 |   414 ||   895
